 Dungeon Crawl Stone Soup version 0.30-a0-29-g142975f185 (webtiles) character file.

Game seed: 4528478096886266041

157691 ytrimaz the Unseen (level 17, -17/157 HPs)
             Began as an Octopode Transmuter on Aug 27, 2022.
             Was an Elder of Ashenzari.
             Shot with a bolt by a naga sharpshooter (20 damage)
             ... on level 1 of the Snake Pit.
             The game lasted 00:58:40 (32993 turns).

ytrimaz the Unseen (Octopode Transmuter)           Turns: 32993, Time: 00:58:41

Health: -17/157    AC: 20    Str: 13    XL:     17   Next: 70%
Magic:  36/37      EV: 18    Int: 21    God:    Ashenzari [****..]
Gold:   2824       SH:  0    Dex: 14    Spells: 30/48 levels left

rFire   x . .      SeeInvis +      - Unarmed
rCold   + + +      Faith    .    (shield currently unavailable)
rNeg    + . .      Spirit   .    (helmet currently unavailable)
rPois   +          Reflect  .    L - amulet "Enlightened Pragmatism" {Regen+, Alch, Comp} (curse)
rElec   .          Harm     .    c - ring of Supernal Wisdom {rN+ rCorr Str-3 Slay+6, Elem, Self} (curse)
rCorr   +          Rampage  .    u - ring of Ashenzari's Pragmatism {AC+4, Evo, Cun} (curse)
Will    +....      Clarity  +    t - ring "Ensconced With Me" {Wiz, Elem, Self} (curse)
Stlth   +++++++...               x - ring "Sibylline Sybil" {SInv, Self, Bglg} (curse)
HPRegen 1.16/turn                y - ring of the Revealing Moon {AC+4, Cun, Alch} (curse)
MPRegen 0.25/turn                C - ring of the Cursed Welkin {rC+, Alch, Cun} (curse)
                                 F - ring "Shattered Omen" {rCorr, Elem, Self} (curse)
                                 O - +6 ring of strength

@: ice-form
A: freezing attack, boosted hp, almost no armour, amphibious, 8 rings, large,
(camouflage 1), (gelatinous body 1), (nimble swimmer 1), (tentacles)
a: End Transformation, Renounce Religion, Curse Item, Shatter the Chains


You were on level 1 of the Snake Pit.
You worshipped Ashenzari.
Ashenzari was greatly pleased with you.
You were a creature of crystalline ice.
You visited 8 branches of the dungeon, and saw 30 of its levels.
You also visited: Sewer and Gauntlet.

You collected 3348 gold pieces.
You spent 524 gold pieces at shops.

Inventory:

Missiles
 D - a throwing net
Jewellery
 c - the cursed ring of Supernal Wisdom (left front paw) {rN+ rCorr Str-3 Slay+6, Elem, Self}
   (You acquired it on level 2 of the Dungeon)

   [ring of positive energy]

   Str:       It affects your strength (-3).
   Slay:      It affects your accuracy & damage with ranged weapons and melee
   (+6).
   rN:        It protects you from negative energy.
   rCorr:     It protects you from acid and corrosion.
   It has a curse which improves the following skills: Elements: Fire Magic, Ice
   Magic, Air Magic and Earth Magic.
   Introspection: Fighting and Spellcasting.
 t - the cursed ring "Ensconced With Me" (on tentacle) {Wiz, Elem, Self}
   (You found it on level 7 of the Dungeon)

   [ring of wizardry]

   It improves your spell success rate.
   It has a curse which improves the following skills: Elements: Fire Magic, Ice
   Magic, Air Magic and Earth Magic.
   Introspection: Fighting and Spellcasting.
 u - the cursed ring of Ashenzari's Pragmatism (right front paw) {AC+4, Evo, Cun}
   (You acquired it on level 6 of the Dungeon)

   [ring of protection]

   AC:        It affects your AC (+4).
   It has a curse which improves the following skills: Evocations: Evocations.
   Cunning:   Dodging and Stealth.
 x - the cursed ring "Sibylline Sybil" (on tentacle) {SInv, Self, Bglg}
   (You found it on level 7 of the Dungeon)

   [ring of see invisible]

   SInv:      It lets you see invisible.
   It has a curse which improves the following skills: Introspection: Fighting
   and Spellcasting.
   Beguiling: Conjurations, Hexes and Translocations.
 y - the cursed ring of the Revealing Moon (on tentacle) {AC+4, Cun, Alch}
   (You found it on level 7 of the Dungeon)

   [ring of protection]

   AC:        It affects your AC (+4).
   It has a curse which improves the following skills: Cunning: Dodging and
   Stealth.
   Alchemy:   Poison Magic and Transmutations.
 C - the cursed ring of the Cursed Welkin (on tentacle) {rC+, Alch, Cun}
   (You found it on level 8 of the Dungeon)

   [ring of protection from cold]

   rC:        It protects you from cold.
   It has a curse which improves the following skills: Alchemy: Poison Magic and
   Transmutations.
   Cunning:   Dodging and Stealth.
 F - the cursed ring "Shattered Omen" (on tentacle) {rCorr, Elem, Self}
   (You found it on level 10 of the Dungeon)

   [ring of resist corrosion]

   rCorr:     It protects you from acid and corrosion.
   It has a curse which improves the following skills: Elements: Fire Magic, Ice
   Magic, Air Magic and Earth Magic.
   Introspection: Fighting and Spellcasting.
 L - the cursed amulet "Enlightened Pragmatism" (around neck) {Regen+, Alch, Comp}
   (You found it in a Gauntlet)

   [amulet of regeneration]

   Regen:     It increases your rate of health regeneration.
   It has a curse which improves the following skills: Alchemy: Poison Magic and
   Transmutations.
   Companions: Summonings and Necromancy.
 M - a ring of see invisible
 O - a +6 ring of strength (on tentacle)
Wands
 p - a wand of roots (8)
 r - a wand of flame (45)
 w - a wand of paralysis (21)
 E - a wand of polymorph (3)
 H - a wand of light (7)
Scrolls
 b - 2 scrolls of immolation
 i - 4 scrolls of teleportation
 m - 2 scrolls of brand weapon
 q - 3 scrolls of magic mapping
 s - 4 scrolls of noise
 z - 2 scrolls of poison
 A - 3 scrolls of enchant weapon
 B - 5 scrolls of enchant armour
 I - a scroll of butterflies
 N - a scroll of amnesia
 P - a scroll of silence
Potions
 a - 12 potions of lignification
 d - 5 potions of cancellation
 e - a potion of might
 f - a potion of ambrosia
 g - 9 potions of curing
 h - 6 potions of brilliance
 j - 9 potions of flight
 k - 2 potions of mutation
 o - 2 potions of attraction
 v - 4 potions of magic
 J - a potion of haste
Miscellaneous
 Q - a phantom mirror


   Skills:
 - Level 12.1(16.8) Fighting
 - Level 0.8(1.1) Short Blades
 - Level 1.0(1.1) Long Blades
 - Level 0.9(1.3) Axes
 - Level 0.8(1.2) Maces & Flails
 - Level 0.7(1.1) Polearms
 - Level 0.7(1.1) Staves
 - Level 1.0 Ranged Weapons
 - Level 1.0 Throwing
 - Level 13.6(17.4) Dodging
 + Level 15.1(18.8) Stealth
 - Level 0.8 Shields
 - Level 12.0 Unarmed Combat
 - Level 11.3(16.0) Spellcasting
 - Level 0.8(1.9) Summonings
 - Level 0.7(1.7) Necromancy
 - Level 13.1(16.9) Transmutations
 - Level 2.9(6.0) Ice Magic
 - Level 6.1(10.0) Air Magic
 - Level 4.0(7.4) Poison Magic
 - Level 1.0 Invocations


You had 30 spell levels left.
You knew the following spells:

 Your Spells              Type           Power      Damage    Failure   Level
a - Ice Form              Ice/Tmut       60%        N/A       1%          4
b - Wereblood             Tmut           73%        N/A       0%          2
c - Spider Form           Tmut/Pois      62%        N/A       1%          3
d - Blade Hands           Tmut           36%        N/A       1%          5
e - Dispel Undead         Necr           24%        3d12      7%          4

Your spell library contained the following spells:

 Spells                   Type           Power      Damage    Failure   Level
 Beastly Appendage        Tmut           100%       N/A       0%          1
 Magic Dart               Conj           68%        1d6       1%          1
 Necrotise                Necr           96%        1d8       1%          1
 Sandblast                Erth           38%        2d10      1%          1
 Slow                     Hex            68%        N/A       1%          1
 Call Imp                 Summ           24%        N/A       1%          2
 Passwall                 Tmut/Erth      43%        N/A       1%          2
 Searing Ray              Conj           34%        2d5       1%          2
 Ignite Poison            Fire/Tmut/Pois 51%        N/A       1%          3
 Mephitic Cloud           Conj/Pois/Air  41%        N/A       1%          3
 Corpse Rot               Necr/Pois/Air  43%        N/A       1%          4
 Vampiric Draining        Necr           24%        2d7       2%          3
 Summon Ice Beast         Ice/Summ       33%        N/A       2%          4
 Conjure Flame            Conj/Fire      18%        6-21      3%          3
 Stone Arrow              Conj/Erth      36%        3d9       3%          3
 Confusing Touch          Hex            17%        N/A       4%          3
 Portal Projectile        Hex/Tloc       34%        N/A       4%          3
 Tukima's Dance           Hex            17%        N/A       4%          3
 Sticky Flame             Conj/Fire      18%        2d4       12%         4
 Fulminant Prism          Conj/Hex       8%         3d7       13%         4
 Agony                    Necr           24%        N/A       19%         5
 Death Channel            Necr           12%        N/A       69%         6
 Lehudib's Crystal Spear  Conj/Erth      9%         10d4      100%        8
 Dragon's Call            Summ           12%        N/A       100%        9
 Animate Armour           Summ/Erth      Unusable   N/A       N/A         4

Dungeon Overview and Level Annotations

Branches:
Dungeon (15/15)            Temple (1/1) D:6            Lair (5/5) D:9
 Shoals (3/4) Lair:3        Snake (1/4) Lair:2        Slime (0/5) Lair:5
    Orc (2/2) D:9             Elf (2/3) Orc:2        Vaults (0/5) D:14
 Depths (1/4) D:15          Sewer (visited)         Gauntlet (visited)

Altars:
Ashenzari
Cheibriados
Dithmenos
Elyvilon
Fedhas
Gozag
Hepliaklqana
Kikubaaqudgha
Makhleb
Nemelex Xobeh
Okawaru
Qazlal
Ru
Sif Muna
Trog
Uskayaw
Vehumet
Wu Jian
Xom
Yredelemnul
Zin
The Shining One
Jiyva

Shops:
D:6 :   D:9 (   Orc:2 (![(   Elf:1 [   Shoals:1 *   Shoals:3 (

Annotations:
D:5 exclusions: 2 orc priests and scorpion
D:8 1 exclusion
Elf:2 3 runed translucent doors, exclusion: 3 doors


Innate Abilities, Weirdness & Mutations

You are a creature of crystalline ice.
You have a powerful freezing melee attack.
Your maximum health is increased.
Your armour is entirely melded.
You are incapable of wielding weapons or throwing items.
You cannot wear most types of armour.
You are amphibious.
You can wear up to eight rings at the same time.
((Your skin changes colour to match your surroundings (Stealth+).))
((Your rubbery body absorbs attacks. (AC +1, EV +1)))
((You are camouflaged when in or above water. (Stealth+)))
((You have tentacles for arms and can constrict up to eight enemies at once.))


Message History

The naga grabs you. The naga constricts you.
Items here: )) [ †.
Unknown command.
You pummel the salamander!! You freeze the salamander!
The salamander is heavily wounded.
The naga sharpshooter shoots a bolt.
The bolt hits you!!
* * * LOW HITPOINT WARNING * * *
The salamander hits you with a +0 halberd!
* * * LOW HITPOINT WARNING * * *
You are engulfed in flames!!
The fire burns you terribly!
* * * LOW HITPOINT WARNING * * *
The naga misses you. The naga constricts you.
Unknown command.
As you read the scroll of fear, it crumbles to dust.
You assume a fearsome visage.
The salamander looks frightened!
The naga looks frightened!
The naga sharpshooter easily resists.
The naga sharpshooter gestures wildly while chanting.
The naga sharpshooter magically shoots a bolt.
The bolt hits you!
* * * LOW HITPOINT WARNING * * *
The naga yells, "Help!"
The naga loses its grip on you.
Unknown command.
Okay, then.
Okay, then.
Okay, then.
You feel better.
The naga sharpshooter shoots a bolt.
The bolt hits you!
* * * LOW HITPOINT WARNING * * *
Unknown command.
As you read the scroll of summoning, it crumbles to dust.
Wisps of shadow whirl around you...
The naga sharpshooter gestures wildly while chanting.
The naga sharpshooter magically shoots a bolt.
The bolt hits you but does no damage.
Unknown command.
Unknown command.
The naga sharpshooter mumbles some strange words.
The naga sharpshooter magically shoots a bolt.
The bolt hits you!!
You die...

*,N *......# * , ,,*
##. *#..N..#**#..* ,
* #.#* #....#, #..#,
##.## #..?.# #...#, *
###.#### #N...##...#
, * *
#...######S..##.N..#
, , *
####..###.)..#S..#* *
* , *####.......)..#*
* , ,, ,*
###..#...##YN#*,, ,
#,*
###.##....#S....#*, ,
, #.*
###.##.........## ,
#.#####..#..###.....#
,, *
#..####.#...#*#....##
, ,,
#...........#*.##..#
, * , ##..........# .
*.## ,** ,
##.#.......#..* .. *
** ** ##.<..#..... ,
, * *


You could see a naga sharpshooter, a salamander (fleeing, ally target), a naga
(fleeing, ally target), a friendly salamander (summoned), a friendly anaconda
(summoned), a friendly mana viper (summoned) and a friendly black mamba
(summoned).

Vanquished Creatures
  Rupert (D:15)
  A deep elf sorcerer (Elf:1)
  Aizul (Elf:1)
  A deep elf demonologist (Elf:1)
  A minotaur (Gauntlet)
  A merfolk javelineer (Shoals:2)
  A deep elf high priest (Elf:1)
  A fire dragon (Lair:5)
  2 rakshasas (D:15)
  4 boulder beetles
  4 hydras
  A merfolk avatar (Shoals:2)
  A catoblepas (Lair:5)
  3 centaur warriors
  10 dancing weapons
  A naga warrior (Snake:1)
  An anaconda (shapeshifter) (D:15)
  12 death yaks
  6 two-headed ogres
  A tengu warrior (D:14)
  Urug (D:11)
  2 deep elf knights
  4 orc high priests (Orc:2)
  Nergalle (D:15)
  A naga sharpshooter (Snake:1)
  A deep troll (D:14)
  A deep troll (shapeshifter) (D:14)
  A glowing orange brain (D:15)
  A fire crab (Lair:5)
  8 sea snakes
  An orc knight (D:15)
  2 wizards
  6 deep elf zephyrmancers
  2 harpies (Shoals:2)
  12 deep elf pyromancers
  6 cyclopes
  4 fauns (Shoals:2)
  An orc sorcerer (Orc:2)
  12 ugly things
  5 manticores
  A black mamba (shapeshifter) (D:15)
  7 centaur zombies (D:10)
  5 black mambas
  4 merfolk sirens
  6 elephants (Lair:5)
  2 water nymphs (Shoals:1)
  Maurice (D:13)
  3 torpor snails
  An ice statue (Gauntlet)
  3 molten gargoyles (Lair:5)
  4 gargoyles
  9 cane toads
  9 rime drakes
  An unseen horror (D:13)
  A freezing wraith (D:14)
  A komodo dragon (shapeshifter) (D:14)
  A tengu conjurer (D:14)
  12 komodo dragons
  An unseen horror zombie (D:10)
  2 polar bears
  4 trolls
  A wind drake (Shoals:2)
  9 merfolk
  A tyrant leech (Gauntlet)
  21 blink frogs
  2 meliai zombies (D:10)
  14 slime creatures
  15 dream sheep
  4 snapping turtles
  4 air elementals
  3 flying skulls (Gauntlet)
  3 shadows
  A spriggan (shapeshifter) (Elf:1)
  3 water elementals
  2 wraiths
  5 wyverns
  A vampire (D:12)
  37 yaks
  2 fire elementals (Elf:1)
  A redback (shapeshifter) (Elf:1)
  6 vampire mosquitoes
  7 basilisks
  2 nagas (Lair:2)
  4 swamp worms (Gauntlet)
  12 water moccasins
  5 hell hounds (Lair:5)
  3 acid dragons
  14 orc warriors
  A meliai simulacrum (D:15)
  4 ice beasts
  2 black bears
  4 ogres
  10 centaurs
  10 wolves
  2 kobold brigands
  A gnoll sergeant (D:13)
  14 bullfrogs
  3 scorpions
  2 earth elementals (Elf:1)
  A necrophage (D:6)
  10 killer bees (D:10)
  An electric eel (Lair:5)
  5 howler monkeys
  5 lava snakes (Lair:5)
  A hound (D:6)
  16 orc priests
  A jelly (D:4)
  2 gnoll boudas
  4 iguanas
  18 orc wizards
  Robin (D:3)
  A howler monkey zombie (D:10)
  12 gnolls
  14 adders
  A shadow imp (D:7)
  2 ufetubi (D:6)
  A worm (D:3)
  3 dart slugs
  50 orcs
  6 endoplasms
  5 giant cockroaches
  12 goblins
  8 hobgoblins
  6 jackals
  14 kobolds
  4 quokkas
  3 training dummies (D:9)
  8 ball pythons
  3 bats
  11 frilled lizards
  13 rats
  A fungus (Gauntlet)
682 creatures vanquished.

Vanquished Creatures (collateral kills)
  A merfolk aquamancer (Shoals:1)
  A sea snake (Shoals:1)
  A manticore (Shoals:1)
  A merfolk (Shoals:1)
  A wind drake (Shoals:1)
  A water elemental (Shoals:1)
6 creatures vanquished.

Vanquished Creatures (others)
  A deep elf pyromancer (Elf:2)
  A black mamba (Lair:5)
  A water elemental (Elf:1)
  An orc warrior (Orc:2)
  19 fungi
  48 plants
  8 tentacles (Shoals:2)
79 creatures vanquished.

Grand Total: 767 creatures vanquished

Notes
Turn   | Place    | Note
-------+----------+-------------------------------------------
     0 | D:1      | ytrimaz the Octopode Transmuter began the quest for the
                  | Orb.
     0 | D:1      | Reached XP level 1. HP: 13/13 MP: 3/3
   119 | D:1      | Reached XP level 2. HP: 13/18 MP: 1/5
   260 | D:1      | Learned a level 2 spell: Wereblood
   572 | D:1      | Found a faded altar of an unknown god.
   692 | D:1      | Reached XP level 3. HP: 22/23 MP: 4/6
   696 | D:1      | Learned a level 3 spell: Spider Form
  1189 | D:2      | Identified a scroll of acquirement
  1191 | D:2      | Acquired the ring "Legunaho" {rN+ rCorr Str-3 Slay+6}
  1280 | D:2      | Identified the +1 robe "Gumileed" {Str+4}
  1791 | D:3      | Noticed Robin
  1816 | D:3      | Reached XP level 4. HP: 21/28 MP: 2/7
  1831 | D:3      | Killed Robin
  1832 | D:3      | Reached skill level 5 in Unarmed Combat
  2208 | D:3      | Found a glowing drain.
  2252 | D:3      | Reached XP level 5. HP: 23/33 MP: 6/8
  2255 | Sewer    | Entered a sewer
  3287 | D:3      | Found a stormy altar of Qazlal.
  3407 | D:4      | Reached XP level 6. HP: 24/38 MP: 6/9
  3898 | D:4      | Found a burning altar of Makhleb.
  4022 | D:4      | Found a radiant altar of Vehumet.
  4047 | D:4      | Noticed a black bear
  4056 | D:4      | Killed a black bear
  4156 | D:5      | Entered Level 5 of the Dungeon
  4614 | D:5      | Reached skill level 1 in Poison Magic
  4614 | D:5      | Reached XP level 7. HP: 43/43 MP: 4/10
  4669 | D:5      | Found a snail-covered altar of Cheibriados.
  5119 | D:6      | Learned a level 4 spell: Ice Form
  5355 | D:6      | Acquired a +4 ring of protection
  5360 | D:6      | Acquired 838 gold pieces
  5364 | D:6      | Identified the +4 dagger of Blue Defiance {speed, rN++}
  5872 | D:6      | Reached XP level 8. HP: 43/48 MP: 6/11
  6429 | D:6      | Found Kyczeit's Book Boutique.
  6494 | D:6      | Found a white marble altar of Elyvilon.
  6605 | D:6      | Found a staircase to the Ecumenical Temple.
  6818 | Temple   | Entered the Ecumenical Temple
  6977 | Temple   | Became a worshipper of Ashenzari the Shackled
  7264 | D:7      | Found Zin's Purification Station.
  7267 | D:7      | Found a glowing silver altar of Zin.
  7370 | D:7      | Bought a potion of curing for 90 gold pieces
  7550 | D:7      | Reached skill level 10 in Unarmed Combat
  7700 | D:7      | Found a blossoming altar of Fedhas.
  8050 | D:7      | Reached XP level 9. HP: 53/53 MP: 8/12
  8587 | D:8      | Reached * piety under Ashenzari
  8616 | D:8      | Noticed a two-headed ogre
  8632 | D:8      | Killed a two-headed ogre
  9268 | D:8      | Found a shadowy altar of Dithmenos.
  9270 | D:8      | Found an ancient bone altar of Kikubaaqudgha.
  9364 | D:9      | Found Ysullecw's Firing Range.
  9524 | D:9      | Noticed a gargoyle
  9533 | D:9      | Killed a gargoyle
  9534 | D:9      | Reached skill level 5 in Fighting
  9534 | D:9      | Reached XP level 10. HP: 71/71 MP: 8/14
 10017 | D:9      | Found a staircase to the Lair.
 10081 | D:9      | Noticed a two-headed ogre
 10103 | D:9      | Killed a two-headed ogre
 10383 | D:9      | Found a staircase to the Orcish Mines.
 10469 | D:10     | Entered Level 10 of the Dungeon
 10483 | D:10     | Noticed a two-headed ogre
 10493 | D:10     | Killed a two-headed ogre
 10494 | D:10     | Reached skill level 5 in Dodging
 10839 | D:10     | Noticed a gargoyle
 10848 | D:10     | Killed a gargoyle
 10943 | D:10     | Reached XP level 11. HP: 81/81 MP: 11/16
 11175 | D:10     | Found a basalt altar of Yredelemnul.
 11361 | D:10     | Identified the +4 spear of Eternal Harmony {vorpal, +Blink
                  | Int+5}
 11450 | D:10     | Found a sacrificial altar of Ru.
 11525 | D:10     | Found a shimmering blue altar of Sif Muna.
 11798 | D:10     | Reached ** piety under Ashenzari
 11852 | Lair:1   | Entered Level 1 of the Lair of Beasts
 12013 | Lair:1   | Reached skill level 10 in Dodging
 12497 | Lair:1   | Reached XP level 12. HP: 77/91 MP: 12/17
 12787 | Lair:1   | Found a bloodstained altar of Trog.
 13155 | Lair:2   | Reached skill level 10 in Fighting
 13943 | Lair:2   | Found a staircase to the Snake Pit.
 14535 | Lair:3   | Identified the Guide on Fetching Attendants
 15313 | Lair:3   | Found a staircase to the Shoals.
 15316 | Lair:3   | Reached *** piety under Ashenzari
 15638 | Lair:3   | Noticed a death yak
 15638 | Lair:3   | Noticed a death yak
 15673 | Lair:3   | Killed a death yak
 15679 | Lair:3   | Reached XP level 13. HP: 103/103 MP: 14/20
 16955 | Lair:4   | Reached skill level 1 in Throwing
 17504 | Lair:4   | Reached skill level 1 in Invocations
 17529 | Lair:4   | Reached skill level 1 in Long Blades
 17529 | Lair:4   | Reached skill level 1 in Ranged Weapons
 17752 | Lair:4   | Reached **** piety under Ashenzari
 18408 | Lair:5   | Entered Level 5 of the Lair of Beasts
 18424 | Lair:5   | Reached skill level 5 in Transmutations
 18494 | Lair:5   | Found the +4 skin of Zhor {*Englaciate rC+++ SInv}
 19049 | Lair:5   | Found a viscous altar of Jiyva.
 19049 | Lair:5   | Found a staircase to the Slime Pits.
 19315 | Lair:5   | Reached XP level 14. HP: 113/113 MP: 16/21
 19388 | Lair:5   | Reached skill level 10 in Transmutations
 19920 | Lair:5   | Found a large runed translucent door.
 20040 | Lair:5   | Reached skill level 1 in Stealth
 20078 | Lair:5   | Reached skill level 2 in Stealth
 20677 | Lair:5   | Found a large runed translucent door.
 21108 | D:11     | Reached skill level 3 in Stealth
 21480 | D:11     | Noticed Urug
 21490 | D:11     | Killed Urug
 21556 | D:12     | Identified the +4 falchion "Hiacehic" {freeze, Drain rPois
                  | Stlth+}
 21572 | D:12     | Found a gate leading to a gauntlet.
 21585 | Gauntlet | Entered a Gauntlet
 21585 | Gauntlet | Found a transporter.
 21585 | Gauntlet | Found a runed translucent gate.
 21585 | Gauntlet | Found a runed translucent gate.
 21589 | Gauntlet | Found a runed translucent gate.
 21589 | Gauntlet | Found a transporter.
 21591 | Gauntlet | Found a transporter.
 21600 | Gauntlet | Found a transporter.
 21602 | Gauntlet | Found a transporter.
 21610 | Gauntlet | Found a transporter.
 21630 | Gauntlet | Found a transporter.
 21632 | Gauntlet | Identified the +1 cloak of Kidorcho {Str+2 Int+2}
 21639 | Gauntlet | Identified the ring "Baryemn" {Will+ Str+3 Int+6}
 21640 | Gauntlet | Found a transporter.
 21647 | Gauntlet | Identified the +0 helmet of the Eternal Fruit {Harm}
 21650 | Gauntlet | Found a transporter.
 21671 | Gauntlet | Found a transporter.
 21671 | Gauntlet | Found a runed translucent door.
 21682 | Gauntlet | Found a transporter.
 21683 | Gauntlet | Found a transporter.
 21740 | Gauntlet | Found a transporter.
 21757 | Gauntlet | Found a transporter.
 21862 | Gauntlet | Reached skill level 4 in Stealth
 22309 | Gauntlet | Identified the +9 short sword of Erowamuf {freeze, rElec
                  | Str-2 Dex+4 Stlth+}
 22317 | Gauntlet | Reached skill level 5 in Stealth
 22514 | D:12     | Reached skill level 6 in Stealth
 22514 | D:12     | Identified the +2 robe "Cismagekuh" {Int+6}
 22668 | D:12     | Reached skill level 7 in Stealth
 22677 | D:12     | Learned a level 4 spell: Dispel Undead
 22825 | D:12     | Noticed Nergalle
 23021 | D:13     | Noticed Maurice
 23033 | D:13     | Killed Maurice
 23140 | D:13     | Reached XP level 15. HP: 119/119 MP: 19/23
 23177 | D:13     | Reached skill level 8 in Stealth
 23676 | D:14     | Reached skill level 9 in Stealth
 23709 | D:14     | Reached skill level 10 in Stealth
 23866 | D:14     | Found a gate to the Vaults.
 24203 | D:14     | Reached skill level 5 in Spellcasting
 24429 | D:15     | Entered Level 15 of the Dungeon
 24429 | D:15     | Noticed Rupert
 24548 | D:15     | Killed Nergalle
 24585 | D:15     | Killed Rupert
 24856 | D:15     | Found a staircase to the Depths.
 25742 | D:15     | Reached skill level 5 in Air Magic
 25742 | D:15     | Reached XP level 16. HP: 126/126 MP: 32/32
 25946 | Orc:1    | Entered Level 1 of the Orcish Mines
 26078 | Orc:2    | Entered Level 2 of the Orcish Mines
 26097 | Orc:2    | Found a staircase to the Elven Halls.
 26190 | Orc:2    | Paralysed by an orc sorcerer for 3 turns
 26417 | Orc:2    | Found Qocsas's Distillery.
 26417 | Orc:2    | Found Mura's Weapon Emporium.
 26418 | Orc:2    | Found Efeitaq's Antique Armour Shoppe.
 26422 | Orc:2    | Found Aheituc's Weapon Shoppe.
 26447 | Orc:2    | Bought a potion of lignification for 42 gold pieces
 26447 | Orc:2    | Bought a potion of curing for 42 gold pieces
 26447 | Orc:2    | Bought a potion of haste for 140 gold pieces
 26447 | Orc:2    | Bought a potion of curing for 42 gold pieces
 26447 | Orc:2    | Bought 2 potions of curing for 84 gold pieces
 26447 | Orc:2    | Bought a potion of curing for 42 gold pieces
 26447 | Orc:2    | Bought a potion of attraction for 42 gold pieces
 26912 | Elf:1    | Entered Level 1 of the Elven Halls
 27049 | Elf:1    | Found Zokix's Armour Shoppe.
 27056 | Elf:1    | Paralysed by an air elemental for 1 turns
 27396 | Elf:1    | Reached skill level 10 in Spellcasting
 27396 | Elf:1    | Reached XP level 17. HP: 131/131 MP: 32/35
 27494 | Elf:1    | Paralysed by an air elemental for 1 turns
 27909 | Shoals:1 | Entered Level 1 of the Shoals
 28105 | Shoals:1 | Found Zufonk's Gadget Gallery.
 28945 | Shoals:2 | HP: 7/157 [merfolk/+0 trident[a merfolk javelineer] (13)]
 29115 | Shoals:2 | Noticed a kraken
 29924 | Shoals:1 | Learned a level 5 spell: Blade Hands
 30403 | Shoals:2 | Reached skill level 11 in Stealth
 30592 | Shoals:3 | Found Tecvoe's Weapon Boutique.
 30993 | Elf:1    | Reached skill level 12 in Stealth
 31539 | Elf:1    | Reached skill level 13 in Stealth
 31618 | Elf:1    | Noticed Aizul
 31632 | Elf:1    | Killed Aizul
 31875 | Elf:1    | Paralysed by an air elemental for 1 turns
 31996 | Elf:2    | Reached skill level 14 in Stealth
 32014 | Elf:2    | Found a runed translucent gate.
 32014 | Elf:2    | Found a runed translucent gate.
 32014 | Elf:2    | Found a runed translucent gate.
 32603 | Depths:1 | Entered Level 1 of the Depths
 32937 | Snake:1  | Entered Level 1 of the Snake Pit
 32981 | Snake:1  | Reached skill level 15 in Stealth
 32990 | Snake:1  | HP: 6/157 [naga sharpshooter/bolt (10)]
 32991 | Snake:1  | HP: 1/157 [naga sharpshooter/bolt (15)]
 32993 | Snake:1  | Shot with a bolt by a naga sharpshooter

Illustrated notes

Levels and vault maps discovered:
D:1:      amcnicky_arrival_feature_with_door, layout_rooms,
          hellmonk_ecumenical_altar_crossroads, kennysheep_another_room,
          chequers_decorated_corner
D:2:      layout_basic
D:3:      layout_basic, lemuel_coloured_pillars_altar, gup_sewer_entry_glass,
          uniq_robin
D:4:      layout_rooms, nicolae_vehumet_radiance, mainiacjoe_overflow_24_doors
D:5:      minmay_general_purpose_star, layout_rooms, lemuel_tele_altar
D:6:      layout_basic, elyvilon_altar_1, temple_green, serial_shops, shop
D:7:      layout_loops_corners, fedhas_altar_fruit_tree, zin_purify
D:8:      cheibrodos_two_vegetables, layout_basic,
          nicolae_overflow_hidden_temple
D:9:      layout_loops_cross, lair_entry_dummy, david_orc_4,
          nicolae_shop_firing_range
D:10:     layout_roguey, nicolae_yredelemnul_corpse_copse,
          nicolae_sif_muna_condensation, mainiacjoe_overflow_cross_hatched,
          grunt_decor_junction
D:11:     layout_basic, uniq_urug
D:12:     layout_rooms, gauntlet_entry_generic, uniq_nergalle
D:13:     layout_grid_maze, uniq_maurice
D:14:     layout_cross, david_vaults_4
D:15:     gammafunk_enter_depths_forms, layout_basic,
          chequers_serial_rivers_small_3, uniq_rupert
Temple:   hellmonk_temple_flake
Lair:1:   layout_loops_ring, basic_altar
Lair:2:   layout_cellular_growth, minmay_snake_entry_guardpost_small
Lair:3:   layout_layer_cave, elwin_shoals_entry_stream, minivault_19,
          grunt_megastairs_2, serial_bayou_shore_b, lemuel_fruit_fields
Lair:4:   layout_regular_city, grunt_megastairs_3, serial_bayou_shore_b
Lair:5:   cheibrodos_lair_end_hotspot, layout_loops_ring,
          dpeg_slime_entry_corner, hellmonk_guarded_unrand_zhor,
          serial_bayou_shore_a
Shoals:1: layout_shoals, nicolae_shop_gadgets
Shoals:2: layout_shoals
Shoals:3: layout_shoals, serial_shops, shop,
          nicolae_shoals_nymph_descending_staircase, uniq_ilsuiw
Snake:1:  nicolae_snake_crotalidae_crossing, layout_layer_cave,
          serial_bayou_shore_b
Orc:1:    layout_caves, nicolae_orc_crystal_geode
Orc:2:    st_orc_mages, layout_diamond_mine
Elf:1:    layout_geoelf_octagon, serial_shops, nicolae_shop_advertising_works
          [nicolae_subvault_shop_adworks], minivault_28, uniq_aizul
Elf:2:    nicolae_elf_blades_splatter_lattice [nicolae_blade_entry_antechamber],
          layout_geoelf_grid, serial_sigils, serial_sigils_hangedman_gnaw,
          serial_sigils_hangedman_scar, serial_sigils_hangedman_scratch
Depths:1: minmay_polygon_palace, layout_cave_pools, enter_ziggurat_e,
          pdpol_wu_jian_five_deadly_venoms, grunt_metal_band,
          hangedman_stitches_earthworm

Skill      XL: |  1  2  3  4  5  6  7  8  9 10 11 12 13 14 15 16 17 |
---------------+----------------------------------------------------+-----
Unarmed Combat | 4 5 6 7 9 10 12 | 12.0
Poison Magic   | 1 2 4 |  4.0
Ice Magic      | 2 |  2.9
Fighting       | 5 7 9 11 12 | 12.1
Dodging        | 7 11 13 | 13.6
Throwing       | 1 |  1.0
Invocations    | 1 |  1.0
Long Blades    | 1 |  1.0
Ranged Weapons | 1 |  1.0
Transmutations | 9 13 | 13.1
Stealth        | 7 10 15 | 15.1
Spellcasting   | 8 10 11 | 11.3
Air Magic      | 5 6 |  6.1
Short Blades   | |  0.8
Axes           | |  0.9
Maces & Flails | |  0.8
Polearms       | |  0.7
Staves         | |  0.7
Shields        | |  0.8
Summonings     | |  0.8
Necromancy     | |  0.7

Action                   |  1- 3 |  4- 6 |  7- 9 | 10-12 | 13-15 | 16-18 || total
-------------------------+-------+-------+-------+-------+-------+-------++-------
Melee: Unarmed           |    73 |   102 |   134 |   396 |   812 |   459 ||  1976
       Constrict         |    23 |    23 |     2 |     3 |       |     3 ||    54
       Kick              |    12 |    19 |     2 |       |       |       ||    33
       Tentacles         |    10 |    10 |       |     8 |       |     5 ||    33
       Punch             |     2 |     1 |     1 |     4 |     1 |     1 ||    10
 Cast: Beastly Appendage |    24 |    35 |     2 |       |       |       ||    61
       Wereblood         |     2 |     3 |     3 |    16 |    24 |     5 ||    53
       Spider Form       |       |     3 |    13 |     4 |    10 |     7 ||    37
       Ice Form          |       |       |    12 |    43 |    75 |    57 ||   187
       Blade Hands       |       |       |       |       |       |     7 ||     7
Invok: Curse Item        |       |       |     2 |     4 |     2 |     1 ||     9
       Shatter the Chain |       |       |       |       |     1 |       ||     1
Evoke: Wand              |       |       |       |       |       |     3 ||     3
  Use: Scroll            |     4 |     5 |     6 |       |     4 |    17 ||    36
       Potion            |       |       |     2 |     1 |    10 |    13 ||    26
 Stab: Sleeping          |     6 |    13 |     3 |     1 |    11 |    14 ||    48
       Invisible         |       |       |       |       |     4 |       ||     4
       Distracted        |       |       |       |       |       |     1 ||     1
Armor: Skin              |     8 |     6 |    18 |   162 |   289 |   224 ||   707
Dodge: Dodged            |    52 |    58 |    76 |   284 |   602 |   368 ||  1440

Table legend: (Time is in decaauts)
 A = Elapsed time spent in this place.
 B = Non-inter-level travel time spent in this place.
 C = Inter-level travel time spent in this place.
 D = Time resting spent in this place.
 E = Time spent auto-exploring this place.
 F = Levels seen in this place.
 G = Mean time per level.
                   A        B        C        D        E       F      G
               +--------+--------+--------+--------+--------+-----+--------+
         Total |  32592 |  30296 |   2296 |   4311 |  19919 |  32 | 1018.5 |
       Dungeon |  15740 |  14256 |   1484 |   1036 |  10575 |  15 | 1049.3 |
        Temple |    170 |    144 |     26 |      0 |    132 |   1 |  170.0 |
          Lair |   9316 |   8851 |    465 |   1136 |   6387 |   5 | 1863.2 |
        Shoals |   2807 |   2697 |    110 |    968 |   1100 |   3 |  935.7 |
     Snake Pit |     51 |     51 |      0 |      0 |      9 |   1 |   51.0 |
  Orcish Mines |   1030 |    941 |     89 |     61 |    570 |   2 |  515.0 |
   Elven Halls |   2033 |   1913 |    120 |    568 |    668 |   2 | 1016.5 |
        Depths |     21 |     21 |      0 |      0 |      0 |   1 |   21.0 |
         Sewer |    608 |    608 |      0 |    222 |    207 |   1 |  608.0 |
      Gauntlet |    811 |    811 |      0 |    320 |    271 |   1 |  811.0 |
               +--------+--------+--------+--------+--------+-----+--------+

Top non-repeatable levels by time:
  Lair:3: 2560 daAuts
  Lair:5: 2405 daAuts
     D:6: 1764 daAuts
   Elf:1: 1727 daAuts
  Lair:2: 1507 daAuts
     D:9: 1503 daAuts
  Lair:1: 1482 daAuts
    D:10: 1474 daAuts
Shoals:2: 1403 daAuts
Shoals:1: 1367 daAuts
    D:15: 1366 daAuts
  Lair:4: 1360 daAuts
     D:7: 1350 daAuts
     D:8: 1015 daAuts
     D:3: 995 daAuts
